 Dungeon Crawl Stone Soup version 0.19.5 (webtiles) character file.

179 IRCMonkey the Cutter (level 5, -1/52 HPs)
             Began as a High Elf Skald on Apr 8, 2017.
             Was a Follower of Kikubaaqudgha.
             Slain by a gnoll
             ... wielding a +0 halberd
              (7 damage)
             ... on level 4 of the Dungeon.
             The game lasted 00:48:31 (2800 turns).

IRCMonkey the Cutter (High Elf Skald)               Turns: 2800, Time: 00:48:31

Health: -1/52      AC: 10    Str: 17    XL:     5   Next: 33%
Magic:  4/9        EV: 11    Int: 15    God:    Kikubaaqudgha [*.....]
Gold:   178        SH:  0    Dex: 15    Spells: 1 memorised, 8 levels left

rFire  . . .     SeeInvis .     a - +1 short sword
rCold  . . .     Gourm    .     o - +0 ring mail
rNeg   . . .     Faith    .     (no shield)
rPois  .         Spirit   .     w - -1 helmet
rElec  .         Reflect  .     (no cloak)
rCorr  .         Harm     .     (no gloves)
MR     .....                    (no boots)
Stlth  ..........               (no amulet)
                                (no ring)
                                h - +5 ring of protection

@: berserking, very slightly contaminated, very quick
A: no striking features
a: Receive Corpses, Renounce Religion


You were on level 4 of the Dungeon.
You worshipped Kikubaaqudgha.
Kikubaaqudgha was aware of your devotion.
You were not hungry.

You visited 1 branch of the dungeon, and saw 4 of its levels.

You collected 178 gold pieces.

Inventory:

Hand Weapons
 a - a +1 short sword (weapon)
 y - a +1 whip of draining
Missiles
 f - 12 poisoned needles (quivered)
 k - 71 stones
 n - 35 arrows
Armour
 b - a +2 leather armour of fire resistance
 e - a +1 helmet
 o - a +0 ring mail (worn)
 w - a -1 helmet (worn)
 B - a +0 robe
Jewellery
 h - a +5 ring of protection (left hand)
Wands
 D - a wand of iceblast (3/15)
Scrolls
 i - a scroll of immolation {unknown}
 j - a scroll of teleportation
 l - a scroll of remove curse
 m - a scroll of amnesia
 r - 2 scrolls of magic mapping {unknown}
 v - 8 scrolls of identify
Potions
 x - a potion of brilliance {unknown}
 z - a potion of berserk rage
 A - a potion of agility {unknown}
 C - a potion of might {unknown}
Books
 c - a book of Battle

   Spells                             Type                      Level
   a - Infusion                       Charms                       1
   b - Shroud of Golubria             Charms/Translocation         2
   c - Song of Slaying                Charms                       2
   d - Spectral Weapon                Hexes/Charms                 3
   e - Regeneration                   Charms/Necromancy            3
 p - a book of Maledictions

   Spells                             Type                      Level
   a - Corona                         Hexes                        1
   b - Ensorcelled Hibernation        Hexes/Ice                    2
   c - Confuse                        Hexes                        3
   d - Tukima's Dance                 Hexes                        3
   e - Dazzling Spray                 Conjuration/Hexes            3
 E - Kikubaaqudgha's Reference Book on Darkness
   (Kikubaaqudgha gifted it to you on level 3 of the Dungeon)

   Spells                             Type                      Level
   a - Pain                           Necromancy                   1
   b - Corpse Rot                     Necromancy                   2
   c - Sublimation of Blood           Necromancy                   2
   d - Regeneration                   Charms/Necromancy            3
   e - Control Undead                 Necromancy                   4
Comestibles
 d - a bread ration
 t - 3 meat rations
 u - a slice of pizza


   Skills:
 + Level 2.6 Fighting
 + Level 4.5 Short Blades
 + Level 2.0 Armour
 + Level 2.2 Dodging
 + Level 2.6 Spellcasting
 + Level 4.3 Charms


You had 8 spell levels left.
You knew the following spells:

 Your Spells              Type           Power        Failure   Level  Hunger
a - Infusion              Chrm           ###.         8%          1    #......


Dungeon Overview and Level Annotations

Branches:
Dungeon (4/15)
 Temple: D:4-7

Altars:
Kikubaaqudgha
Nemelex Xobeh

Annotations:
D:4 nano's ghost, novice KoEn


Message History

A gnoll comes into view. It is wielding a spear.
The gnoll shouts!
A gnoll comes into view. It is wielding a spear.
The gnoll shouts!
A gnoll comes into view. It is wielding a halberd.
The gnoll shouts!
The gnoll barely misses you. x2
Found a scroll of remove curse and a chain mail.
Found a stone staircase leading up.
A gnoll comes into view. It is wielding a flail of protection.
You puncture the gnoll!
You kill the gnoll!
Kikubaaqudgha accepts your kill.
The gnoll shaman mumbles some strange prayers to its god against you.
You resist with some effort.
You puncture the gnoll!
The gnoll is heavily wounded.
The gnoll hits you from afar with a halberd!
You die...
Kikubaaqudgha rasps: "You have failed me!
Welcome... death!"

#... #......#
##...
.......#
.....#....[.#
...........#
##..#......#
#....
#......g.?.##
.)....
#..g)......
......
#..@..gg#
......
#..g.......
......
#.......#..
...ยง..
#.......#
......
#.......<.
......
........##.
......
.#.......#
#.....
...#.###..#
###.


You could see a gnoll shaman and 4 gnolls.

Vanquished Creatures
  2 orc wizards (D:4)
  A gnoll (D:4)
  2 adders
  An ooze (D:1)
  3 worms
  2 dart slugs
  2 leopard geckos (D:2)
  7 orcs
  9 goblins
  10 hobgoblins
  2 jackals (D:1)
  9 kobolds
  2 quokkas (D:2)
  2 ball pythons
  7 bats
  3 frilled lizards
  6 rats
70 creatures vanquished.

Notes
Turn   | Place    | Note
-------+----------+-------------------------------------------
     0 | D:1      | IRCMonkey the High Elf Skald began the quest for the Orb.
     0 | D:1      | Reached XP level 1. HP: 14/14 MP: 4/4
   237 | D:1      | Reached XP level 2. HP: 12/19 MP: 6/6
   344 | D:1      | Learned a level 2 spell: Song of Slaying
   469 | D:1      | Reached skill level 1 in Armour
  1013 | D:1      | Reached XP level 3. HP: 22/25 MP: 7/7
  1469 | D:2      | Found an ancient bone altar of Kikubaaqudgha.
  1483 | D:2      | Became a worshipper of Kikubaaqudgha
  1709 | D:3      | Reached XP level 4. HP: 26/30 MP: 8/8
  1763 | D:3      | Found a sparkling altar of Nemelex Xobeh.
  1948 | D:3      | Reached * piety under Kikubaaqudgha
  1948 | D:3      | Identified Kikubaaqudgha's Reference Book on Darkness (Kikubaaqudgha gifted it to you on level 3 of the Dungeon)
  1948 | D:3      | Received a gift from Kikubaaqudgha
  2254 | D:3      | Found a faded altar of an unknown god.
  2736 | D:4      | Noticed a phantom
  2746 | D:4      | Reached XP level 5. HP: 27/35 MP: 5/9
  2772 | D:4      | HP: 1/35 [orc wizard/dagger (3)]
  2779 | D:4      | Noticed nano's ghost (novice KoEn)
  2800 | D:4      | Slain by a gnoll

Skill      XL: |  1  2  3  4  5 |
---------------+----------------+-----
Armour         | 1 2 |  2.0
Charms         | 4 |  4.3
Short Blades   | 3 4 |  4.5
Dodging        | 2 |  2.2
Fighting       | |  2.6
Spellcasting   | |  2.6

Action                   |  1- 3 |  4- 6 || total
-------------------------+-------+-------++-------
Melee: Short sword       |   192 |   118 ||   310
 Cast: Infusion          |     4 |     2 ||     6
       Song of Slaying   |     2 |     1 ||     3
Evoke: Wand              |       |     2 ||     2
  Use: Scroll            |       |     6 ||     6
       Potion            |       |     2 ||     2
  Eat: Chunk             |     3 |     1 ||     4
       Bread ration      |       |     1 ||     1
Armor: Leather armour    |    30 |       ||    30
       Ring mail         |    52 |    62 ||   114
Dodge: Dodged            |   104 |    69 ||   173
